cohdb
Replays
Latest Replays
All Replays
Popular Replays
Top Player Replays
Match Explorer
How It Works
Community
CoH3 Stats
Reddit
Sign in to upload your games and track your stats! →
Sign in with Steam
Match 45195331
Unlisted
Match 45195331
Overview
Messages
Build Orders
End
Selects Italian Combined Arms Battlegroup
Selects Bersaglieri Squad
Bersaglieri Squad
Kradschützen Motorcycle Team
Bersaglieri Squad
Construct Light Support Kompanie
Bersaglieri Squad
Construct Mechanized Kompanie
Selects Bersaglieri Bolster
8 Rad Armored Car
2.5-tonne Medical Truck
Veteran Squad Leaders
Selects Breda Model 30 Light Machine Guns
Support Armor Elements
Panzerpioneer Squad
8 Rad Armored Car
Panzerjäger Mechanized Group
Pie-Eater
PAX AJAX
0
0
Comments
sign in to comment!
No comments posted yet!